 Dungeon Crawl Stone Soup version 0.30-a0-778-g2ef04afb54 (webtiles) character file.

Game seed: 2730036502834385126

14749 Pimp the Cleaver (level 11, -6/84 HPs)
             Began as a Demonspawn Fighter on Feb 16, 2023.
             Was a High Priest of Okawaru.
             Mangled by a large slime creature (16 damage)
             ... on level 12 of the Dungeon.
             The game lasted 00:32:10 (9511 turns).

Pimp the Cleaver (Demonspawn Fighter)               Turns: 9511, Time: 00:32:10

Health: -6/84      AC: 31    Str: 28    XL:     11   Next: 92%
Magic:  11/11      EV:  9    Int: 10    God:    Okawaru [*****.]
Gold:   769        SH: 14    Dex: 18    Spells: 10/10 levels left

rFire   . . .      SeeInvis .    a - +0 war axe (protect)
rCold   . . .      Faith    .    f - +3 buckler of Syhosk {rN+ Str+3 Dex+4}
rNeg    + . .      Spirit   .    j - +3 plate armour {rPois}
rPois   +          Reflect  .    (no helmet)
rElec   .          Harm     .    w - +0 cloak
rCorr   .          Rampage  .    y - +0 pair of gloves
Will    .....                    E - +0 pair of boots Stlth
                                 (no amulet)
HPRegen 0.34/turn                A - +6 ring of strength
MPRegen 0.12/turn                e - ring of flight

@: flying
A: molten scales 2, icemail 2, powered by pain 2, condensation shield, weakness
stinger 2
a: Renounce Religion, Heroism, Finesse, Duel


You were on level 12 of the Dungeon.
You worshipped Okawaru.
Okawaru was extremely pleased with you.
You visited 2 branches of the dungeon, and saw 13 of its levels.

You collected 769 gold pieces.

Inventory:

Hand Weapons
 a - a +0 war axe of protection (weapon)
Missiles
 c - 2 throwing nets
 g - 5 curare-tipped darts
 s - 7 boomerangs (quivered)
Armour
 f - the +3 buckler of Syhosk (worn) {rN+ Str+3 Dex+4}
   (You found it on level 3 of the Dungeon)

   Str:       It affects your strength (+3).
   Dex:       It affects your dexterity (+4).
   rN:        It protects you from negative energy.
 j - a +3 plate armour of poison resistance (worn)
 u - an orb of light
 w - a +0 cloak (worn)
 y - a +0 pair of gloves (worn)
 E - a +0 pair of boots (worn)
 K - a scarf of invisibility
 L - +2 acid dragon scales
Jewellery
 e - a ring of flight (right hand)
 k - a ring of wizardry
 l - a +6 ring of intelligence
 A - a +6 ring of strength (left hand)
 C - a ring of protection from fire
 N - a ring of protection from fire
Wands
 n - a wand of digging (9)
 q - a wand of mindburst (19)
 z - a wand of roots (7)
 I - a wand of flame (12)
 J - a wand of acid (10)
Scrolls
 b - a scroll of enchant weapon {unknown}
 o - 5 scrolls of teleportation
 v - a scroll of poison
 B - 3 scrolls of fog
 D - a scroll of brand weapon
 F - a scroll of magic mapping
 M - a scroll of torment {unknown}
Potions
 d - 2 potions of might
 h - 3 potions of flight
 m - a potion of ambrosia {unknown}
 p - 2 potions of cancellation
 r - 3 potions of resistance
 t - 2 potions of brilliance {unknown}
 x - 2 potions of invisibility {unknown}
 H - a potion of magic {unknown}
 O - 2 potions of mutation {unknown}


   Skills:
 + Level 7.5 Fighting
 + Level 12.2 Axes
 + Level 1.1 Throwing
 + Level 7.0 Armour
 + Level 4.3 Dodging
 + Level 1.6 Stealth
 + Level 8.8 Shields
 + Level 0.1 Invocations


You had 10 spell levels left.
You didn't know any spells.
Your spell library contained the following spells:

 Spells                   Type           Power      Damage    Failure   Level
 Apportation              Tloc           0%         N/A       99%         1
 Beastly Appendage        Tmut           0%         N/A       99%         1
 Freeze                   Ice            0%         1d3       99%         1
 Necrotise                Necr           0%         1d4       99%         1
 Shock                    Conj/Air       0%         1d3       99%         1
 Sublimation of Blood     Necr           0%         N/A       100%        2
 Wereblood                Tmut           0%         N/A       100%        2
 Frozen Ramparts          Ice            0%         1d1       100%        3
 Hailstorm                Conj/Ice       0%         3d3       100%        3
 Spider Form              Tmut/Pois      0%         N/A       100%        3
 Swiftness                Air            0%         N/A       100%        3
 Airstrike                Air            0%         2d(0-16)  100%        4
 Summon Small Mammal      Summ           Unusable   N/A       N/A         1
 Summon Hydra             Summ           Unusable   N/A       N/A         7

Dungeon Overview and Level Annotations

Branches:
Dungeon (12/15)            Temple (1/1) D:7            Lair (0/5) D:8
    Orc (0/2) D:10

Altars:
Ashenzari
Cheibriados
Dithmenos
Fedhas
Gozag
Hepliaklqana
Kikubaaqudgha
Makhleb
Nemelex Xobeh
Okawaru
Qazlal
Ru
Sif Muna
Trog
Uskayaw
Vehumet
Wu Jian
Yredelemnul


Innate Abilities, Weirdness & Mutations

You are mostly covered in molten scales. (AC +3)
A meltable icy envelope protects you from harm. (AC +8)
You sometimes gain power by taking damage.
A meltable shield of frost defends you. (SH +4)
You have a tail ending in a sharp stinger.


Message History

You block the titanic slime creature's attack.
There is an open door here.
The large slime creature attacks as you move away!
You block the large slime creature's attack.
The large slime creature attacks as you move away!
The large slime creature hits you but does no damage.
The large slime creature attacks as you move away!
You block the large slime creature's attack.
The large slime creature attacks as you move away!
You block the large slime creature's attack.
The large slime creature attacks as you move away!
You block the large slime creature's attack.
The large slime creature attacks as you move away!
You block the large slime creature's attack.
You reach down and open the door.
You block the large slime creature's attack.
There is an open door here.
The large slime creature attacks as you move away!
The large slime creature closely misses you.
The large slime creature attacks as you move away!
The large slime creature hits you but does no damage.
The large slime creature attacks as you move away!
You block the large slime creature's attack.
The large slime creature attacks as you move away!
You block the large slime creature's attack.
The large slime creature attacks as you move away!
The large slime creature hits you!
* * * LOW HITPOINT WARNING * * *
There is an open door here.
Okay, then.
There is an open door here.
The large slime creature attacks as you move away!
The large slime creature hits you.
* * * LOW HITPOINT WARNING * * *
You feel a little less agile now.
The large slime creature attacks as you move away!
You block the large slime creature's attack.
The large slime creature attacks as you move away!
The large slime creature hits you!
You die...

#....# #...>.....
#........+ #######.##
#........# #..#
#####.#### ##..
#####..@## ##. .......J.#
#. #########.# #######
#...#.....# #......
###.#.###.# #......
#...#.#.#J# ######......
#.###.#.#.####....'......
#.....#.#.##..J####......
#######.#.'..### #######


You could see a large slime creature and a slime creature.

Vanquished Creatures
  Jorgrun (D:12)
  Fannar (D:11)
  2 two-headed ogres
  An ugly thing (D:11)
  An orc sorcerer (D:10)
  2 cyclopes
  2 kobold demonologists
  A komodo dragon (D:11)
  2 trolls
  A hornet (D:9)
  Grinder (D:6)
  Prince Ribbit (D:6)
  3 wraiths
  A shadow (D:10)
  14 yaks
  3 steam dragons
  2 acid dragons
  A two-headed ogre zombie (D:10)
  2 water moccasins
  An orc warrior (D:8)
  A sky beast (D:7)
  2 ogres
  An ice beast (D:8)
  A black bear (D:7)
  5 centaurs
  4 kobold brigands
  2 phantoms
  7 bullfrogs
  2 necrophages
  3 scorpions
  20 wights
  2 troll zombies (D:10)
  12 killer bees
  6 howler monkeys
  An electric eel (D:7)
  4 jellies
  2 hounds (D:6)
  A gnoll bouda (D:8)
  3 orc priests
  Ijyb (D:3)
  An iguana (D:3)
  5 orc wizards
  Natasha (twice) (D:4)
  5 ogre zombies (D:10)
  A mummy (D:6)
  Robin (D:3)
  4 gnolls (D:6)
  5 adders
  2 shadow imps (D:7)
  3 ufetubi
  A worm (D:4)
  2 dart slugs (D:3)
  15 orcs
  5 ball pythons
  An endoplasm (D:1)
  3 giant cockroaches
  13 goblins
  5 hobgoblins
  3 jackals (D:4)
  4 quokkas
  9 bats
  2 frilled lizards
  3 goblin zombies (D:10)
  3 hobgoblin skeletons (D:10)
  5 hobgoblin zombies
  26 kobolds
  A kobold zombie (D:6)
  An orc skeleton (D:10)
  14 orc zombies (D:10)
  2 rats (D:1)
270 creatures vanquished.

Vanquished Creatures (others)
  3 fungi (D:8)
  3 plants (D:8)
6 creatures vanquished.

Grand Total: 276 creatures vanquished

Notes
Turn   | Place    | Note
-------+----------+-------------------------------------------
     0 | D:1      | Pimp the Demonspawn Fighter began the quest for the Orb.
     0 | D:1      | Reached XP level 1. HP: 18/18 MP: 1/1
   147 | D:1      | Gained mutation: A meltable shield of frost defends you.
                  | (SH +4) [demonic ancestry]
   147 | D:1      | Reached XP level 2. HP: 23/24 MP: 2/2
   774 | D:2      | Found an opulent altar of Gozag.
   794 | D:2      | Reached skill level 2 in Axes
   986 | D:2      | Gained mutation: You sometimes gain a little power by
                  | taking damage. [demonic ancestry]
   986 | D:2      | Reached XP level 3. HP: 29/29 MP: 3/3
  1414 | D:3      | Gained mutation: You are partially covered in molten
                  | scales. (AC +2) [demonic ancestry]
  1414 | D:3      | Reached XP level 4. HP: 35/35 MP: 4/4
  1574 | D:3      | Noticed an ogre
  1587 | D:3      | Killed an ogre
  1588 | D:3      | Reached skill level 3 in Axes
  1588 | D:3      | Reached skill level 1 in Dodging
  1588 | D:3      | Gained mutation: You have a small tail. [demonic ancestry]
  1588 | D:3      | Reached XP level 5. HP: 21/41 MP: 5/5
  1683 | D:3      | Identified the +3 buckler of Syhosk {rN+ Str+3 Dex+4}
  1887 | D:3      | Noticed Ijyb
  1887 | D:3      | Noticed Robin
  1895 | D:3      | Killed Ijyb
  1896 | D:3      | Gained mutation: You are mostly covered in molten scales.
                  | (AC +3) [demonic ancestry]
  1896 | D:3      | Reached XP level 6. HP: 47/47 MP: 6/6
  1898 | D:3      | Killed Robin
  2052 | D:3      | Found a sparkling altar of Nemelex Xobeh.
  2193 | D:4      | Reached skill level 4 in Axes
  2355 | D:4      | Noticed a water moccasin
  2360 | D:4      | Killed a water moccasin
  2628 | D:4      | Noticed Natasha
  2638 | D:4      | Killed Natasha
  2650 | D:4      | Reached XP level 7. HP: 46/53 MP: 7/7
  2667 | D:4      | Noticed Natasha
  2678 | D:4      | Killed Natasha
  2923 | D:5      | Entered Level 5 of the Dungeon
  3151 | D:5      | Reached skill level 5 in Axes
  3429 | D:6      | Noticed a troll
  3443 | D:6      | HP: 2/53 [troll (9)]
  3453 | D:6      | Killed a troll
  3454 | D:6      | Reached skill level 5 in Shields
  3454 | D:6      | Gained mutation: You sometimes gain power by taking damage.
                  | [demonic ancestry]
  3454 | D:6      | Reached XP level 8. HP: 39/60 MP: 8/8
  3640 | D:6      | Reached skill level 6 in Axes
  4148 | D:6      | Reached skill level 7 in Axes
  4244 | D:6      | Reached skill level 5 in Armour
  4328 | D:6      | Reached skill level 1 in Stealth
  4342 | D:6      | Noticed Grinder
  4342 | D:6      | Paralysed by Grinder for 3 turns
  4350 | D:6      | Paralysed by Grinder for 4 turns
  4359 | D:6      | Killed Grinder
  4360 | D:6      | Gained mutation: You have a tail ending in a sharp stinger.
                  | [demonic ancestry]
  4360 | D:6      | Reached XP level 9. HP: 63/66 MP: 9/9
  4384 | D:6      | Noticed Prince Ribbit
  4395 | D:6      | Killed Prince Ribbit
  4663 | D:7      | Reached skill level 8 in Axes
  4797 | D:7      | Reached skill level 5 in Fighting
  5000 | D:7      | Found a broken altar of Ashenzari.
  5000 | D:7      | Found a bloodstained altar of Trog.
  5000 | D:7      | Found a hazy altar of Hepliaklqana.
  5000 | D:7      | Found a radiant altar of Vehumet.
  5006 | D:7      | Found a hide-covered altar of Uskayaw.
  5010 | D:7      | Found a blossoming altar of Fedhas.
  5258 | D:7      | Found a staircase to the Ecumenical Temple.
  5267 | Temple   | Entered the Ecumenical Temple
  5396 | Temple   | Became a worshipper of Warmaster Okawaru
  5507 | D:8      | Reached skill level 1 in Throwing
  5602 | D:8      | Found a staircase to the Lair.
  5816 | D:8      | Reached * piety under Okawaru
  5890 | D:8      | HP: 3/68 [acid dragon/splash of acid (34)]
  6159 | D:8      | Reached skill level 9 in Axes
  6170 | D:8      | Gained mutation: A meltable icy envelope protects you from
                  | harm. (AC +8) [demonic ancestry]
  6170 | D:8      | Reached XP level 10. HP: 50/74 MP: 10/10
  6907 | D:9      | Reached ** piety under Okawaru
  7026 | D:9      | Reached skill level 10 in Axes
  7040 | D:9      | Reached *** piety under Okawaru
  7321 | D:9      | Noticed a two-headed ogre
  7339 | D:9      | Killed a two-headed ogre
  7339 | D:9      | Reached **** piety under Okawaru
  7375 | D:9      | Gained mutation: A meltable icy envelope protects you from
                  | harm. (AC +8) [demonic ancestry]
  7375 | D:9      | Reached XP level 11. HP: 78/83 MP: 11/11
  7536 | D:10     | Entered Level 10 of the Dungeon
  7553 | D:10     | Noticed a two-headed ogre
  7565 | D:10     | Killed a two-headed ogre
  7635 | D:10     | Found the +7 Kryia's mail coat {PotionHeal*2 rC+}
  7688 | D:10     | Reached skill level 11 in Axes
  7750 | D:10     | Found a staircase to the Orcish Mines.
  7751 | D:10     | Noticed an orc sorcerer
  7772 | D:10     | Killed an orc sorcerer
  7772 | D:10     | Reached ***** piety under Okawaru
  8264 | D:11     | Noticed Fannar
  8279 | D:11     | Killed Fannar
  8318 | D:11     | Noticed a red ugly thing
  8335 | D:11     | Killed a red ugly thing
  8772 | D:11     | Noticed a sun demon
  8980 | D:12     | Noticed Jorgrun
  9025 | D:12     | Killed Jorgrun
  9025 | D:12     | Received a gift from Okawaru
  9026 | D:12     | Reached skill level 12 in Axes
  9511 | D:12     | Mangled by a large slime creature

Illustrated notes

Levels and vault maps discovered:
D:1:      dpeg_arrival_subterranean_lakeside_camping, layout_loops_ring
D:2:      layout_basic, basic_altar, grunt_decor_fettered
D:3:      minmay_chambers_of_threes, layout_basic,
          nemelex_xobeh_ov_fountains_minmay, nicolae_goblin_pals
D:4:      layout_loops_cross, uniq_natasha
D:5:      mumra_celtic_spiral_tile, layout_loops_cross, uniq_blork_the_orc
D:6:      layout_loops_ring, nicolae_ossuary_entry_giza,
          kennysheep_generic_room_9, uniq_prince_ribbit1, uniq_grinder
D:7:      layout_cave_pools, minmay_overflow_temple_hex,
          minmay_temple_entry_nine_rooms, minmay_crystal_water
D:8:      minmay_recursive_quarters, layout_basic, dpeg_oklobed_lair,
          grunt_ogre_cave
D:9:      layout_rooms
D:10:     layout_rooms, zombieorc2_lemuel
D:11:     layout_rooms, uniq_fannar
D:12:     layout_roguey, grunt_ministairs_14, chequers_garden,
          nicolae_hepliaklqana_monster_ancestors, uniq_jorgrun
Temple:   bh_familiar_temple

Skill      XL: |  1  2  3  4  5  6  7  8  9 10 11 |
---------------+----------------------------------+-----
Armour         | 3 4 5 6 7 |  7.0
Shields        | 3 4 5 6 7 8 |  8.8
Axes           | 2 3 4 5 7 9 10 12 | 12.2
Dodging        | 1 2 3 4 |  4.3
Fighting       | 4 5 6 7 |  7.5
Stealth        | 1 |  1.6
Throwing       | 1 |  1.1
Invocations    | |  0.1

Action                     |  1- 3 |  4- 6 |  7- 9 | 10-12 || total
---------------------------+-------+-------+-------+-------++-------
  Melee: War axe           |    87 |   101 |   315 |   396 ||   899
         Tailslap          |       |     9 |    51 |    80 ||   140
  Throw: Boomerang         |     2 |       |     6 |     4 ||    12
 Invoke: Heroism           |       |       |       |     1 ||     1
    Use: Potion            |     3 |       |     6 |     6 ||    15
         Scroll            |       |    10 |     5 |     9 ||    24
   Stab: Sleeping          |       |       |       |     1 ||     1
 Armour: Scale mail        |    53 |    63 |   154 |   158 ||   428
         Acid dragon scale |       |       |       |    22 ||    22
         Plate armour      |       |       |       |     8 ||     8
  Dodge: Dodged            |    37 |    51 |   167 |   168 ||   423
  Block: Buckler           |    47 |    59 |   233 |   337 ||   676

Table legend: (Time is in decaauts)
 A = Elapsed time spent in this place.
 B = Non-inter-level travel time spent in this place.
 C = Inter-level travel time spent in this place.
 D = Time resting spent in this place.
 E = Time spent auto-exploring this place.
 F = Levels seen in this place.
 G = Mean time per level.
                   A        B        C        D        E       F      G
               +--------+--------+--------+--------+--------+-----+--------+
         Total |   9598 |   9286 |    312 |   1171 |   5888 |  13 |  738.3 |
       Dungeon |   9450 |   9179 |    271 |   1171 |   5790 |  12 |  787.5 |
        Temple |    147 |    106 |     41 |      0 |     98 |   1 |  147.0 |
               +--------+--------+--------+--------+--------+-----+--------+

Top non-repeatable levels by time:
     D:8: 1280 daAuts
     D:6: 1257 daAuts
     D:7: 879 daAuts
     D:3: 815 daAuts
     D:4: 802 daAuts
     D:1: 787 daAuts
    D:11: 768 daAuts
     D:9: 666 daAuts
    D:10: 641 daAuts
     D:2: 630 daAuts
    D:12: 554 daAuts
     D:5: 366 daAuts
  Temple: 147 daAuts
